 Dungeon Crawl Stone Soup version 0.23-a0-760-g92239d2 (webtiles) character file.

2236 SmSkdm the Magician (level 9, 0/59 HPs)
             Began as a Kitsune Transmuter on May 9, 2019.
             Was an Initiate of Gozag.
             Slain by Harold
             ... wielding a +0 dire flail of crushing
              (21 damage)
             ... on level 8 of the Dungeon.
             The game lasted 00:32:53 (7857 turns).

SmSkdm the Magician (Kitsune Transmuter)            Turns: 7857, Time: 00:32:53

Health: 0/59       AC:  5    Str: 10    XL:     9   Next: 63%
Magic:  18/18      EV:  6    Int: 18    God:    Gozag
Gold:   776        SH:  0    Dex: 16    Spells: 12/20 levels left

rFire    + . .     SeeInvis .     - Unarmed
rCold    . . .     Gourm    .   (no shield)
rNeg     + + .     Faith    .   H - +0 leather armour "Xarij" {rElec rF+ rN++} (curse)
rPois    .         Spirit   .   (helmet restricted)
rElec    +         Reflect  .   K - +1 cloak
rCorr    .         Harm     .   (no gloves)
MR       +....                  (no boots)
Stlth    +.........             (no amulet)
HPRegen  0.19/turn              k - +2 ring of slaying
MPRegen  0.16/turn              v - ring of attention

@: exhausted, held
A: charm monsters, no helmets, claws 1
a: Charm Monsters, Potion Petition, Call Merchant, Bribe Branch, Renounce
Religion


You were on level 8 of the Dungeon.
You worshipped Gozag.
Gozag was pleased with you.
You were very hungry.

You visited 2 branches of the dungeon, and saw 9 of its levels.

You collected 828 gold pieces.
You paid 52 gold pieces to Gozag.

Inventory:

Hand Weapons
 g - a +0 dagger
 n - a +2 dagger of venom
 A - a +4 rapier of venom
Missiles
 a - 117 arrows
Armour
 b - a +0 robe
 j - a +0 buckler
 p - the +4 ring mail of Dramatic Exits {+Blink rCorr}
   (You found it on level 4 of the Dungeon)

   It lets you blink.
   It provides partial protection from all sources of acid and corrosion.
 w - a +2 scale mail of cold resistance
 D - a +0 cloak
 H - the cursed +0 leather armour "Xarij" (worn) {rElec rF+ rN++}
   (You found it on level 7 of the Dungeon)

   It protects you from fire.
   It insulates you from electricity.
   It greatly protects you from negative energy.
   It has a curse placed upon it.
 K - a +1 cloak (worn)
Jewellery
 k - a +2 ring of slaying (left claw)
 v - a ring of attention (right claw)
 G - an uncursed amulet of faith
Wands
 s - a wand of iceblast (5)
 y - a wand of enslavement (11)
 B - a wand of polymorph (5)
 J - a wand of disintegration (4)
Scrolls
 e - 3 scrolls of remove curse
 f - 7 scrolls of identify
 q - 5 scrolls of teleportation
 u - a scroll of fear {unknown}
 x - a scroll of magic mapping {unknown}
 C - a scroll of noise {unknown}
 E - 2 scrolls of immolation {unknown}
Potions
 c - 5 potions of curing {unknown}
 h - 6 potions of might {unknown}
 i - 2 potions of lignification {unknown}
 l - a potion of agility {unknown}
 m - 4 potions of brilliance
 o - 2 potions of heal wounds {unknown}
 r - 2 potions of mutation {unknown}
 t - 2 potions of degeneration {unknown}
 z - a potion of haste {unknown}
 F - a potion of flight {unknown}
 I - 2 potions of cancellation {unknown}
Comestibles
 d - 6 rations


   Skills:
 + Level 4.4 Fighting
 - Level 1.5 Dodging
 + Level 3.8 Stealth
 + Level 3.2 Shields
 + Level 5.5 Unarmed Combat
 + Level 6.3 Spellcasting
 + Level 6.1 Transmutations


You had 12 spell levels left.
You knew the following spells:

 Your Spells              Type           Power        Failure   Level  Hunger
a - Beastly Appendage     Tmut           ####..       1%          1    None
b - Sticks to Snakes      Tmut           ####....     1%          2    None
c - Blade Hands           Tmut           ####......   34%         5    #####..

Your spell library contained the following spells:

 Spells                   Type           Power        Failure   Level  Hunger
 Spider Form              Tmut/Pois      ###.......   14%         3    ##.....
 Ice Form                 Ice/Tmut       ###.....     41%         4    ####...


Dungeon Overview and Level Annotations

Branches:
Dungeon (8/15)             Temple (1/1) D:4
   Lair: D:8-11

Altars:
Ashenzari
Cheibriados
Dithmenos
Elyvilon
Fedhas
Gozag
Hepliaklqana
Kikubaaqudgha
Makhleb
Nemelex Xobeh
Okawaru
Qazlal
Ru
Sif Muna
Trog
Uskayaw
Vehumet
Wu Jian
Xom
Yredelemnul
Zin
The Shining One

Annotations:
D:8 Harold


Innate Abilities, Weirdness & Mutations

You can charm monsters.
You have fox ears (no helmets).
You have sharp fingernails.


Message History

Press: ? - help, Shift-Dir - straight line, f - Harold
Aim: Harold, wielding a +0 dire flail of crushing and wearing a +0 scale mail (moderately wounded, poisoned, chance to defeat MR: 30%) Harold easily resists.
Harold throws a throwing net.
The throwing net hits you.
You become entangled in the net!
Your big kobold hits Harold.
Evoke which item? (* to show all) (? for menu, Esc to quit)
Aiming: Disintegrate
Press: ? - help, Shift-Dir - straight line, f/p - Harold
Aim: Harold, wielding a +0 dire flail of crushing and wearing a +0 scale mail (moderately wounded, poisoned, chance to defeat MR: 30%) Harold easily resists.
A poisoned needle appears from out of your range of vision.
The poisoned needle hits Harold.
Harold looks even sicker.
Your kobold hits Harold.
Evoke which item? (* to show all) (? for menu, Esc to quit)
Aiming: Disintegrate
Press: ? - help, Shift-Dir - straight line, f/p - Harold
Aim: Harold, wielding a +0 dire flail of crushing and wearing a +0 scale mail (moderately wounded, poisoned, chance to defeat MR: 30%) Harold easily resists.
Harold hits you with a +0 dire flail of crushing!!
You die...
Your body crumbles into a pile of gold.

#### ###...###
#.......#
######.......#
#..@@KK.......
#.####K.......
#.# #$.......
#.# ###...##.
#.# #### #.#
#.# ########
##.## #......#
#...# #......#


You could see Harold, a friendly big kobold and 2 friendly kobolds.

Vanquished Creatures
  Eustachio (D:6)
  A basilisk (D:8)
  A human (D:2)
  Menkaure (D:6)
  4 phantoms
  4 ogres
  An orc priest (D:5)
  A wyvern skeleton (D:6)
  An orc wizard (D:6)
  2 scorpions
  2 howler monkeys
  2 crimson imps
  3 hounds
  A bullfrog skeleton (D:5)
  A centaur skeleton (D:7)
  Ijyb (D:5)
  2 iguanas
  3 worker ants
  3 gnolls (D:2)
  5 adders
  3 shadow imps
  An ooze (D:2)
  An adder skeleton (D:5)
  2 worms
  2 dart slugs
  5 leopard geckos
  9 orcs
  4 giant cockroaches (D:3)
  8 goblins
  3 hobgoblins
  3 quokkas
  2 ball pythons
  7 bats
  4 frilled lizards
  2 giant cockroach zombies
  2 jackal skeletons
  12 kobolds
  3 rats (D:3)
113 creatures vanquished.

Vanquished Creatures (collateral kills)
  A centaur (D:7)
  2 bullfrogs
  2 crimson imps (D:5)
  A centaur zombie (D:8)
  An orc priest (D:8)
  A gnoll (D:2)
  3 orcs
  A ball python (D:4)
  A quokka (D:5)
13 creatures vanquished.

Grand Total: 126 creatures vanquished

Notes
Turn   | Place    | Note
-------+----------+-------------------------------------------
     0 | D:1      | SmSkdm the Kitsune Transmuter began the quest for the Orb.
     0 | D:1      | Reached XP level 1. HP: 12/12 MP: 3/3
   544 | D:1      | Reached skill level 1 in Fighting
   544 | D:1      | Reached XP level 2. HP: 18/18 MP: 5/5
  1159 | D:2      | Noticed a crimson imp
  1180 | D:2      | Killed a crimson imp
  1180 | D:2      | Reached XP level 3. HP: 23/23 MP: 4/7
  1180 | D:2      | Reached XP level 4. HP: 28/28 MP: 4/8
  1184 | D:2      | Learned a level 2 spell: Sticks to Snakes
  1686 | D:2      | Found a runed door.
  1686 | D:2      | Noticed a human
  1687 | D:2      | Found a basalt altar of Yredelemnul.
  1803 | D:2      | Killed a human
  1803 | D:2      | Reached XP level 5. HP: 17/35 MP: 7/10
  1803 | D:2      | Reached XP level 6. HP: 19/40 MP: 7/11
  2286 | D:2      | Found a hazy altar of Hepliaklqana.
  2653 | D:3      | Noticed a +0 hand axe
  2653 | D:3      | Noticed a +0 hand axe
  2654 | D:3      | Found a hide-covered altar of Uskayaw.
  2928 | D:3      | Learned a level 5 spell: Blade Hands
  2969 | D:4      | Noticed a phantom
  3005 | D:4      | Killed a phantom
  3005 | D:4      | Reached XP level 7. HP: 23/45 MP: 8/13
  3317 | D:4      | Found a staircase to the Ecumenical Temple.
  3327 | Temple   | Entered the Ecumenical Temple
  3402 | Temple   | Became a worshipper of Gozag Ym Sagoz the Greedy
  3585 | D:4      | Got a jewelled ring mail
  3586 | D:4      | Identified the +4 ring mail of Dramatic Exits {+Blink
                  | rCorr} (You found it on level 4 of the Dungeon)
  3754 | D:4      | Reached skill level 1 in Shields
  3830 | D:4      | Found an ancient bone altar of Kikubaaqudgha.
  4115 | D:5      | Entered Level 5 of the Dungeon
  4128 | D:5      | Reached skill level 1 in Stealth
  4379 | D:5      | Noticed Ijyb
  4389 | D:5      | Killed Ijyb
  4430 | D:5      | Found a sparkling altar of Nemelex Xobeh.
  4532 | D:5      | Reached XP level 8. HP: 21/52 MP: 13/15
  5373 | D:6      | Reached skill level 5 in Spellcasting
  5477 | D:6      | Reached skill level 5 in Transmutations
  5677 | D:6      | Found a stormy altar of Qazlal.
  5679 | D:6      | Noticed an air elemental
  5680 | D:6      | Noticed a water elemental
  5680 | D:6      | Noticed a fire elemental
  5716 | D:6      | Noticed Eustachio
  5737 | D:6      | Killed Eustachio
  6049 | D:6      | Noticed Menkaure
  6097 | D:6      | Killed Menkaure
  6297 | D:7      | Reached skill level 5 in Unarmed Combat
  6297 | D:7      | Reached XP level 9. HP: 37/58 MP: 17/17
  6507 | D:7      | Found a burning altar of Makhleb.
  6977 | D:7      | Found a sparkling altar of Nemelex Xobeh.
  7020 | D:7      | Identified the cursed +0 leather armour "Xarij" {rElec rF+
                  | rN++} (You found it on level 7 of the Dungeon)
  7065 | D:8      | Noticed Maurice
  7072 | D:8      | Noticed Maurice
  7072 | D:8      | Maurice changed into Maurice the basilisk
  7409 | D:8      | Killed Maurice the basilisk
  7520 | D:8      | Found a deep blue altar of Sif Muna.
  7754 | D:8      | Found a basalt altar of Yredelemnul.
  7839 | D:8      | Noticed Harold
  7857 | D:8      | Slain by Harold

Vault maps used:
D:1:      sevenhm_arrival_forest_fort_large_4
D:2:      marbit_many_paths, dk_yredelemnul_ordeal
D:3:      cheibrodos_helix_gallery, dancing_weapons_uskayaw, first_ration
D:4:      kiku_gazebo_pond_becter, minmay_temple_entry_mini_moons,
          minmay_crystal_water
D:5:      nemelex_lonely_heart_becter, uniq_ijyb
D:6:      nicolae_qazlal_style_of_elements, uniq_eustachio, uniq_menkaure
D:7:      kennysheep_mini_moat, lemuel_round_altar
D:8:      kennysheep_little_box, basic_altar, uniq_harold, uniq_maurice,
          uniq_grum
Temple:   regret_index_temple_waves

Skill      XL: |  1  2  3  4  5  6  7  8  9 |
---------------+----------------------------+-----
Fighting       | 1 2 3 4 |  4.4
Unarmed Combat | 3 4 5 |  5.5
Spellcasting   | 3 4 5 6 |  6.3
Transmutations | 3 4 5 6 |  6.1
Shields        | 1 2 3 |  3.2
Stealth        | 1 2 3 |  3.8
Dodging        | |  1.5

Action                   |  1- 3 |  4- 6 |  7- 9 || total
-------------------------+-------+-------+-------++-------
Melee: Unarmed           |    55 |   121 |   288 ||   464
       Headbutt          |     2 |     4 |     7 ||    13
       Kick              |       |     2 |    14 ||    16
       Dagger            |       |       |     1 ||     1
       Punch             |       |       |     6 ||     6
 Cast: Beastly Appendage |     3 |     4 |    13 ||    20
       Sticks to Snakes  |       |     4 |     6 ||    10
       Blade Hands       |       |       |     1 ||     1
 Abil: Charm Monsters    |     2 |     6 |    15 ||    23
Evoke: Wand              |       |       |    10 ||    10
  Use: Scroll            |       |       |     5 ||     5
       Potion            |       |       |     1 ||     1
 Stab: Sleeping          |     1 |     3 |     1 ||     5
       Betrayed ally     |     1 |     1 |     4 ||     6
       Distracted        |       |     2 |     4 ||     6
  Eat: Chunk             |       |     6 |     2 ||     8
       Ration            |       |       |     4 ||     4
Armor: Robe              |     8 |    14 |       ||    22
       Ring mail         |       |       |    59 ||    59
       Leather armour    |       |       |     6 ||     6
Dodge: Dodged            |    33 |    73 |   105 ||   211

Table legend:
 A = Non-vault XP
 B = Vault XP
 C = Vault XP percentage of total XP
 D = Non-vault monster count
 E = Vault monster count
 F = Vault count percentage of total count
                 A         B        C        D         E       F
            +---------+---------+-------+---------+---------+-------
      Total |    2433 |     762 |  23.8 |     111 |       7 |   5.9
            +---------+---------+-------+---------+---------+-------
        D:1 |      22 |       0 |   0.0 |      13 |       0 |   0.0
        D:2 |     130 |     195 |  60.0 |      17 |       3 |  15.0
        D:3 |      77 |       0 |   0.0 |      21 |       0 |   0.0
        D:4 |     304 |       0 |   0.0 |      13 |       0 |   0.0
        D:5 |     319 |      36 |  10.1 |      14 |       1 |   6.7
        D:6 |     458 |     332 |  42.0 |      12 |       2 |  14.3
        D:7 |     772 |       0 |   0.0 |      10 |       0 |   0.0
        D:8 |     351 |     199 |  36.2 |      11 |       1 |   8.3
            +---------+---------+-------+---------+---------+-------
